 Dungeon Crawl Stone Soup version 0.31.0-9-g3a7656b989 (webtiles) character file.

Game seed: 7051372932161437979

695 qw the Shooter (level 7, 0/35 HPs)
             Began as a Spriggan Hunter on Feb 2, 2024.
             Was a Believer of Okawaru.
             Slain by a scorpion (7 damage)
             ... on level 5 of the Dungeon.
             The game lasted 00:00:16 (4065 turns).

qw the Shooter (Spriggan Hunter)                    Turns: 4065, Time: 00:00:16

Health: 0/35       AC:  2    Str:  7    XL:     7   Next: 37%
Magic:  10/10      EV: 22    Int: 11    God:    Okawaru [**....]
Gold:   351        SH:  5    Dex: 20    Spells: 6/6 levels left

rFire   . . .        a - +1 shortbow
rCold   . . .        (shield currently unavailable)
rNeg    . . .        c - +0 robe
rPois   .            (helmet restricted)
rElec   .            (no cloak)
rCorr   .            (gloves unavailable)
SInv    +            (boots unavailable)
Will    +....        f - amulet of reflection
Stlth   ++           (no ring)
HPRegen 0.25/turn    (no ring)
MPRegen 0.12/turn

%: reflection
@: lethally poisoned (0 -> -4), about to teleport, very quick
A: very small, no large weapons, unfitting armour, see invisible, speed 3
a: Renounce Religion, Heroism


You were on level 5 of the Dungeon.
You worshipped Okawaru.
Okawaru was pleased with you.
You visited 1 branch of the dungeon, and saw 5 of its levels.

You collected 351 gold pieces.


Innate Abilities, Weirdness & Mutations

You are very small and have problems with some larger weapons.
You are too small for most types of armour.
You have supernaturally acute eyesight. (SInv)
You cover ground extremely quickly. (Speed+++)


   Skills:
 - Level 2.1 Fighting
 + Level 6.8 Ranged Weapons
 - Level 6.6 Dodging
 - Level 1.5 Stealth
 + Level 3.0 Invocations


You had 6 spell levels left.
You didn't know any spells.
Your spell library was empty.

Inventory:

Hand Weapons
 a - a +1 shortbow (weapon)
Armour
 c - a +0 robe (worn)
Jewellery
 f - an amulet of reflection (around neck)
Wands
 i - a wand of flame (49)
 j - a wand of roots (4)
Scrolls
 g - a scroll of teleportation
 h - 4 scrolls of fog {unknown}
Potions
 b - a potion of might
 d - 2 potions of enlightenment
 e - 2 potions of curing

Dungeon Overview and Level Annotations

Branches:
Dungeon (5/15)
 Temple: D:4-7

Altars:
Fedhas
Hepliaklqana
Okawaru
Qazlal

Shops:
D:5 :

Annotations:
D:3 3 runed translucent doors, qw's ghost, amateur SpHu


Message History

You block the hound's attack.
You shoot an arrow. The arrow closely misses the hound.
The hound completely misses you. You block the hound's attack.
You shoot an arrow. The arrow hits the hound!
The hound is almost dead.
The hound closely misses you.
You shoot an arrow. The arrow closely misses the hound.
The hound bites you. The hound misses you.
You shoot an arrow. The arrow hits the hound.
You kill the hound!
Okawaru accepts your kill.
Your Invocations skill increases to level 3!
You shoot an arrow. The arrow closely misses the scorpion.
You block the scorpion's attack. The scorpion completely misses you.
You shoot an arrow.
The arrow hits the scorpion but does no damage.
The scorpion is moderately wounded.
The scorpion closely misses you.
You shoot an arrow. The arrow closely misses the scorpion.
The scorpion closely misses you.
You shoot an arrow.
The arrow hits the scorpion but does no damage.
The scorpion is moderately wounded.
The scorpion stings you.
You are poisoned.
The scorpion poisons you!
You shoot an arrow.
The arrow completely misses the scorpion.
You feel very sick. You block the scorpion's attack.
The scorpion completely misses you.
You shoot an arrow. The arrow closely misses the scorpion.
You feel sick. The scorpion closely misses you.
You shoot an arrow. The arrow hits the scorpion!
The scorpion is almost dead.
You feel sick. The scorpion closely misses you.
4065 ||| READING 2 scrolls of teleportation.
As you read the scroll of teleportation, it crumbles to dust.
You feel strangely unstable.
You feel sick. The scorpion stings you!
You die...

##########.##
########...........##
#..)................#
#.########.########.#
#.####.. #.#...####.#
##.##.... #.##.:..##.#
#..##....##.##....##.##
##..#....s#...#'....#..#
#...######@....######..#
#..#....................#
#.##.###...........###..#
#.
#.#.##.[..}....##)#..##
..
#.#..##.......##..#...###
#.
#.#.).'.......'...#.#....
..
#.#..##.......##..#.###..
..
..#.##....#....##[#.##...
..#).#..##'##..#..#......


You could see a scorpion.

Vanquished Creatures
  A phantom (D:5)
  2 howler monkeys
  2 bombardier beetles
  A jelly (D:5)
  An orc priest (D:4)
  4 hounds
  3 orc wizards
  A sleepcap (D:4)
  3 iguanas
  A gnoll (D:3)
  2 adders
  A white imp (D:5)
  3 dart slugs
  A ribbon worm (D:5)
  20 orcs
  6 endoplasms
  2 giant cockroaches
  10 goblins
  5 hobgoblins
  A quokka (D:3)
  2 ball pythons (D:1)
  5 bats
  3 frilled lizards
  6 kobolds
  5 rats
91 creatures vanquished.

Notes
Turn   | Place    | Note
-------+----------+-------------------------------------------
     0 | D:1      | qw the Spriggan Hunter began the quest for the Orb.
     0 | D:1      | Reached XP level 1. HP: 10/10 MP: 2/2
     0 | D:1      | 0 ||| qw: Version: 0.3-a-155-g5e7d8dd
     0 | D:1      | 0 ||| qw: Game counter: 1044
     0 | D:1      | 0 ||| qw: Melee chars always use a shield: true
     0 | D:1      | 0 ||| qw: God list: Okawaru
     0 | D:1      | 0 ||| qw: Allow faded altars: false
     0 | D:1      | 0 ||| qw: Do Orc after clearing Dungeon:15 true
     0 | D:1      | 0 ||| qw: Do second Lair branch before Depths: true
     0 | D:1      | 0 ||| qw: Lair rune preference: random
     0 | D:1      | 0 ||| qw: Goals: Normal
     0 | D:1      | 0 ||| PLANNING D:1-11
    33 | D:1      | Reached skill level 3 in Dodging
   103 | D:1      | Found a faded altar of an unknown god.
   142 | D:1      | Reached XP level 2. HP: 14/14 MP: 3/3
   799 | D:1      | 799 ||| READING scroll labelled YZXIAN DOAL.
   804 | D:1      | 804 ||| READING 2 scrolls labelled ORHABR JAERU.
   805 | D:1      | 805 ||| READING scroll labelled VALLIF QYFAUTA.
   806 | D:1      | 806 ||| DROPPING scroll of butterflies.
   807 | D:1      | 807 ||| DROPPING scroll of fear.
  1294 | D:2      | Reached XP level 3. HP: 18/18 MP: 4/4
  1573 | D:2      | 1573 ||| READING scroll labelled VIOMENN KONUNKUNG.
  1573 | D:2      | 1573 ||| IDENTIFYING murky brown potion
  1574 | D:2      | 1574 ||| READING scroll labelled VUHUIR GARASH.
  1574 | D:2      | 1574 ||| ENCHANTING +0 shortbow.
  1631 | D:3      | HP: 2/18 [orc/+0 mace (6)]
  1636 | D:3      | Reached XP level 4. HP: 4/22 MP: 5/5
  1823 | D:3      | Found a runed translucent gate.
  1823 | D:3      | Found a runed translucent gate.
  1823 | D:3      | Found a runed translucent gate.
  1831 | D:3      | Noticed qw's ghost (amateur SpHu)
  2218 | D:3      | Found an iron altar of Okawaru.
  2219 | D:3      | 2219 ||| PLANNING OKAWARU WORSHIP
  2219 | D:3      | 2219 ||| UPGRADING to amulet of reflection.
  2224 | D:3      | 2224 ||| READING scroll of identify.
  2224 | D:3      | 2224 ||| IDENTIFYING purple potion
  2225 | D:3      | 2225 ||| READING 2 scrolls labelled EBYCOA QOLIJE.
  2226 | D:3      | 2226 ||| DROPPING scroll of revelation.
  2234 | D:3      | Became a worshipper of Warmaster Okawaru
  2235 | D:3      | 2235 ||| PLANNING D:1-11
  2508 | D:4      | 2508 ||| DRINKING bubbling pink potion.
  2509 | D:4      | 2509 ||| DRINKING murky orange potion.
  2510 | D:4      | 2510 ||| DRINKING brown potion.
  2511 | D:4      | 2511 ||| DRINKING fuming red potion.
  2526 | D:4      | Reached XP level 5. HP: 26/26 MP: 6/6
  2589 | D:4      | Reached skill level 6 in Ranged Weapons
  2635 | D:4      | Reached XP level 6. HP: 19/30 MP: 7/7
  2706 | D:4      | You fall into a shaft and drop 1 floor!
  2706 | D:5      | Entered Level 5 of the Dungeon
  2720 | D:5      | Found a blossoming altar of Fedhas.
  2721 | D:5      | Found a stormy altar of Qazlal.
  2725 | D:5      | Found a hazy altar of Hepliaklqana.
  2757 | D:5      | Reached * piety under Okawaru
  2758 | D:5      | Reached skill level 6 in Dodging
  3071 | D:4      | Reached skill level 1 in Invocations
  3303 | D:4      | 3303 ||| READING 2 scrolls of identify.
  3303 | D:4      | 3303 ||| IDENTIFYING fuming yellow potion
  3304 | D:4      | 3304 ||| READING scroll of identify.
  3304 | D:4      | 3304 ||| IDENTIFYING scroll labelled WENUWK ZOAZ
  3305 | D:4      | 3305 ||| DROPPING scroll of noise.
  3367 | D:5      | Found Harphu Derr's Book Boutique.
  3484 | D:5      | Reached XP level 7. HP: 30/35 MP: 9/9
  3774 | D:5      | 3774 ||| RETREEEEATING.
  3946 | D:5      | Identified the +4 ring mail of Immorality {Harm *Corrode
                  | Str+4}
  3969 | D:5      | Identified the +8 whip "Gapesus" {freeze, rElec Str+4
                  | Dex-5}
  3985 | D:5      | Identified the +6 whip of the Scorpion {protect, Fly}
  4057 | D:5      | Reached ** piety under Okawaru
  4058 | D:5      | Reached skill level 3 in Invocations
  4064 | D:5      | HP: 7/35 [poisoned by a scorpion]
  4065 | D:5      | 4065 ||| READING 2 scrolls of teleportation.
  4065 | D:5      | Slain by a scorpion

Levels and vault maps discovered:
D:1:      saegor_arrival_simple_a, layout_loops_corners,
          shapermc_ecumenical_altar_totnotflames
D:2:      layout_basic
D:3:      layout_loops_ring, okawaru_altar_gauntlet_db,
          gammafunk_ghost_necromancy, serial_park_tiny_pond
D:4:      layout_basic
D:5:      minmay_spotlight, layout_cave_pods, minitemple, serial_shops,
          nicolae_shop_temple_entry_statues_fountains, minmay_pentangle

Skill      XL: |  1  2  3  4  5  6  7 |
---------------+----------------------+-----
Dodging        | 3 4 5 6 |  6.6
Ranged Weapons | 5 6 |  6.8
Fighting       | 2 |  2.1
Invocations    | 2 3 |  3.0
Stealth        | |  1.5

Action                     |  1- 3 |  4- 6 |  7- 9 || total
---------------------------+-------+-------+-------++-------
   Fire: Shortbow          |    82 |   186 |    61 ||   329
    Use: Scroll            |     5 |     4 |     1 ||    10
         Potion            |       |     4 |       ||     4
 Armour: Robe              |     6 |    15 |    10 ||    31
         Skin              |       |     6 |       ||     6
  Dodge: Dodged            |    29 |    55 |    35 ||   119
  Block: Other             |       |     9 |     8 ||    17

Table legend:
 A = Non-vault XP
 B = Vault XP
 C = Vault XP percentage of total XP
 D = Non-vault monster count
 E = Vault monster count
 F = Vault count percentage of total count
                 A         B        C        D         E       F
            +---------+---------+-------+---------+---------+-------
      Total |     778 |     215 |  21.7 |      79 |      12 |  13.2
            +---------+---------+-------+---------+---------+-------
        D:1 |      32 |       0 |   0.0 |      19 |       0 |   0.0
        D:2 |      20 |       0 |   0.0 |      12 |       0 |   0.0
        D:3 |      72 |      26 |  26.5 |      13 |       6 |  31.6
        D:4 |     408 |       0 |   0.0 |      27 |       0 |   0.0
        D:5 |     246 |     189 |  43.4 |       8 |       6 |  42.9
            +---------+---------+-------+---------+---------+-------
